 Dungeon Sprint DCSS version 0.17.1-2-g5865329 (webtiles) character file.

8634 hexophile the Warrior (level 11, -10/118 (119) HPs)
             Began as a Ghoul Fighter on Jan 26, 2016.
             Was the Champion of Makhleb.
             Mangled by Nico the pandemonium lord (17 damage)
             ... in the Dungeon (Sprint V: "Ziggurat Sprint").
             The game lasted 00:04:24 (717 turns).

hexophile the Warrior (Ghoul Fighter)                Turns: 717, Time: 00:04:24

HP:   -10/118 (119) AC: 23    Str: 38    XL:     11   Next: 33%
MP:   26/26         EV: -1    Int:  4    God:    Makhleb [******]
Gold: 0             SH: 28    Dex:  6    Spells: 0 memorised, 10 levels left

rFire  + + +     SeeInvis +     K - +14 obsidian axe {chop, +Fly Str+3 SInv *Curse} (curse)
rCold  + + +     Clarity  +     l - +7 gold dragon armour {rC+ rF+ rPois}
rNeg   + + +     SustAt   .     J - +18 shield of the gong {rElec rN+ MR+ EV-5}
rPois  ∞         Gourm    .     (no helmet)
rElec  +         Spirit   .     (no cloak)
rCorr  +         Warding  .     (no gloves)
rMut   .         NoTele   +     H - +2 pair of boots {run} {Speed+}
MR     +....                    G - amulet of clarity {Clar}
Stlth  ..........               u - ring of the Seven Spirits {rF+ MP+9 Str+3 Dex-4}
                                z - +6 ring of strength

@: mighty, resistant, mesmerised, very slightly contaminated, rotting, hasted,
invisible, very quick, somewhat resistant to hostile enchantments, extremely
unstealthy
A: rotting body, claws 1, carnivore 3, cold resistance 1, negative energy
resistance 3, slow regeneration 1, torment resistance, unbreathing
a: Minor Destruction, Lesser Servant of Makhleb, Major Destruction, Greater
Servant of Makhleb, Renounce Religion, Evoke Flight


You were in the Dungeon.
You worshipped Makhleb.
Makhleb was exalted by your worship.
You were not hungry.

You visited 1 branch


Innate Abilities, Weirdness & Mutations

Your body is rotting away.
You thrive on raw meat.
You are immune to poison.
You have sharp fingernails.
You are carnivorous and can eat meat at any time.
Your flesh is cold resistant.
You are immune to negative energy.
You regenerate slowly when monsters are visible.
You are immune to unholy pain and torment.
You can survive without breathing.

Inventory:

Hand Weapons
 a - a +0 war axe
 K - the cursed +14 obsidian axe (weapon) {chop, +Fly Str+3 SInv *Curse}
   (You found it in the Dungeon)

   It inflicts extra damage upon your enemies.
   It affects your strength (+3).
   It lets you see invisible.
   It lets you fly.
   It may re-curse itself when equipped.
   It has a curse placed upon it.
Armour
 l - a +7 gold dragon armour (worn) {rC+ rF+ rPois}
 H - a +2 pair of boots of running (worn) {Speed+}
 J - the +18 shield of the gong (worn) {rElec rN+ MR+ EV-5}
   (You found it in the Dungeon)

   It affects your evasion (-5).
   It insulates you from electricity.
   It protects you from negative energy.
   It affects your resistance to hostile enchantments.
Jewellery
 b - the amulet "Duggu" {Stasis rElec MP-9 SInv}
   (You found it in the Dungeon)

   [amulet of stasis]

   It prevents you from being teleported, slowed, hasted or paralysed.
   It insulates you from electricity.
   It affects your magic capacity (-9).
   It lets you see invisible.
 u - the ring of the Seven Spirits (right claw) {rF+ MP+9 Str+3 Dex-4}
   (You found it in the Dungeon)

   [ring of magical power]

   It affects your strength (+3).
   It affects your dexterity (-4).
   It protects you from fire.
   It affects your magic capacity (+9).
 z - a +6 ring of strength (left claw)
 A - a +6 ring of strength
 G - an amulet of clarity (around neck) {Clar}
Wands
 c - a wand of disintegration (7)
 B - a wand of fire (5)
 C - a wand of cold (5)
 D - a wand of draining (5)
Scrolls
 k - 4 scrolls of blinking
 m - 3 scrolls of recharging
 n - 6 scrolls of fog
 o - 5 scrolls of identify
 p - 5 scrolls of remove curse
 q - 2 scrolls of fear
 E - 2 scrolls of brand weapon
Potions
 d - 5 potions of might {Str+5 DMG+1d10}
 f - 10 potions of curing
 g - 9 potions of heal wounds
 h - 7 potions of haste
 i - 7 potions of magic
 s - a potion of invisibility
 t - 3 potions of resistance {rF+ rC+ rPois rElec rCorr}
 x - 2 potions of brilliance {Archmagi Int+5 Wiz++}
 y - 5 potions of agility {Stlth+ Dex+5 EV+5}
Miscellaneous
 j - a sack of spiders
 v - a disc of storms
 F - a stone of tremors
Comestibles
 e - 5 meat rations
 r - 4 bread rations
 w - 42 fruits


You had 10 spell levels left.
You didn't know any spells.


   Skills:
 - Level 18.2 Fighting
 - Level 15.6 Axes
 - Level 2.6 Armour
 - Level 2.6 Shields
 * Level 10.6 Evocations

Dungeon Overview and Level Annotations

Branches:
Dungeon (1/1)

Altars:
Ashenzari
Cheibriados
Dithmenos
Elyvilon
Fedhas
Gozag
Kikubaaqudgha
Makhleb
Nemelex Xobeh
Okawaru
Qazlal
Ru
Sif Muna
Trog
Vehumet
Xom
Yredelemnul
Zin
The Shining One
Beogh
Jiyva
Lugonu

Vault maps used:
D:        sprint_v
You       could see Eklusysh, Kipec, Nico, Ozaupnesh, Wanarphon, a blue devil
          (wandering), a white imp, a shadow imp, an ufetubus and a friendly
          rust devil.


Message History

Wanarphon gestures.
The white imp lashes its tail.
Drink which item? (? for menu, Esc to quit)
You feel very mighty all of a sudden.
Visions of slaying Ozaupnesh flood into your mind.
You are no longer corroded.
Drink which item? (? for menu, Esc to quit)
You feel yourself speed up. You block Kipec's attack.
BOUMMMMG!
Eklusysh sneers, "Relinquish hope, thou foetid base-court whey-face!"
You are very lightly contaminated with residual magic.
Drink which item? (? for menu, Esc to quit)
You fade into invisibility!
Visions of slaying Kipec flood into your mind.
You block Kipec's attack.
GONNNNG!
You block Ozaupnesh's attack.
BOUMMMMG!
Drink which item? (? for menu, Esc to quit)
You feel protected.
Visions of slaying Ozaupnesh flood into your mind.
Nico hits you!! Ozaupnesh hits you!! Ozaupnesh freezes you. Kipec hits you!!
* * * LOW HITPOINT WARNING * * *
You block Nico's attack.
PTOANNNG! !MASSIVE DAMAGE!
YOU LOST 80 HP!
You have now: 35/118 HP.
Unknown command.
Drink which item? (? for menu, Esc to quit)
Okay, then.
Read which item? (? for menu, Esc to quit)
Blink to where?
Press: ? - help, Dir - move target cursor, f - white imp
Aim: a white imp
Okay, then.
You slice Kipec!!
Kipec is lightly wounded.
Your shield and gold dragon armour prevent you from hitting Nico.
You closely miss Ozaupnesh. You hit Wanarphon but do no damage.
You open a gate to Pandemonium!
A demon appears!
Visions of slaying Kipec flood into your mind.
You block Ozaupnesh's attack.
GONNNNG!
Kipec hits you!!
* * * LOW HITPOINT WARNING * * *
Wanarphon gestures at you. You block the stone arrow.
PTOANNNG!
Nico hits you!
You die...

Action                   |  1- 3 |  4- 6 |  7- 9 | 10-12 || total
-------------------------+-------+-------+-------+-------++-------
Melee: Broad axe         |     4 |     7 |    20 |    32 ||    63
  Use: Potion            |     1 |     1 |       |     4 ||     6
       Scroll            |       |       |       |     5 ||     5

Notes
Turn   | Place    | Note
--------------------------------------------------------------
     0 | D        | hexophile the Ghoul Fighter began the quest for the Orb.
     0 | D        | Reached XP level 1. HP: 19/19 MP: 0/0
     0 | D        | Found an iron altar of Okawaru.
     0 | D        | Found a radiant altar of Vehumet.
     0 | D        | Found a burning altar of Makhleb.
     0 | D        | Found a shimmering altar of Xom.
     0 | D        | Found a deep blue altar of Sif Muna.
     7 | D        | Found a corrupted altar of Lugonu.
     7 | D        | Found a roughly hewn altar of Beogh.
     7 | D        | Found a white marble altar of Elyvilon.
     7 | D        | Found a viscous altar of Jiyva.
     7 | D        | Found a sparkling altar of Nemelex Xobeh.
     7 | D        | Found a bloodstained altar of Trog.
    64 | D        | Became a worshipper of Makhleb the Destroyer
    66 | D        | Reached skill level 6 in Fighting
    66 | D        | Reached skill level 5 in Axes
    66 | D        | Reached XP level 2. HP: 23/31 MP: 1/1
   225 | D        | Entered arena 1.
   225 | D        | Noticed a wolf
   225 | D        | Noticed a wolf
   229 | D        | Killed a wolf
   229 | D        | Reached skill level 9 in Fighting
   229 | D        | Reached skill level 7 in Axes
   229 | D        | Reached XP level 3. HP: 28/42 MP: 2/2
   229 | D        | Reached XP level 4. HP: 33/50 MP: 3/3
   229 | D        | Reached XP level 5. HP: 37/57 MP: 4/4
   231 | D        | Killed a wolf
   231 | D        | Reached * piety under Makhleb
   231 | D        | Reached skill level 10 in Fighting
   231 | D        | Reached skill level 8 in Axes
   231 | D        | Reached XP level 6. HP: 42/67 MP: 5/5
   236 | D        | Entered arena 2.
   236 | D        | Noticed a deep elf conjurer
   236 | D        | Noticed a deep elf fighter
   236 | D        | Noticed a deep elf death mage
   244 | D        | Killed a deep elf death mage
   244 | D        | Reached skill level 13 in Fighting
   244 | D        | Reached skill level 11 in Axes
   244 | D        | Reached XP level 7. HP: 36/80 MP: 6/6
   244 | D        | Reached XP level 8. HP: 39/88 MP: 7/7
   246 | D        | Killed a deep elf fighter
   246 | D        | Reached skill level 14 in Fighting
   248 | D        | Killed a deep elf conjurer
   248 | D        | Reached ** piety under Makhleb
   248 | D        | Reached skill level 12 in Axes
   248 | D        | Reached XP level 9. HP: 27/96 MP: 8/8
   252 | D        | Got the amulet "Duggu" {Stasis rElec MP-9 SInv}
   508 | D        | Entered arena 3.
   508 | D        | Noticed an iron imp
   508 | D        | Noticed a thrashing horror
   508 | D        | Noticed a neqoxec
   511 | D        | Killed an iron imp
   512 | D        | Killed a neqoxec
   512 | D        | Reached *** piety under Makhleb
   512 | D        | Reached skill level 15 in Fighting
   517 | D        | Killed a thrashing horror
   517 | D        | Reached skill level 13 in Axes
   520 | D        | Entered arena 4.
   523 | D        | Reached **** piety under Makhleb
   528 | D        | Got the ring of the Seven Spirits {rF+ MP+9 Str+3 Dex-4}
   532 | D        | Got the cursed +1 war axe "Sarcophage" {chop, rC+ Stlth+}
   534 | D        | Entered arena 5.
   534 | D        | Noticed a scorpion
   534 | D        | Noticed a scorpion
   534 | D        | Noticed a tarantella
   534 | D        | Noticed a jumping spider
   534 | D        | Noticed a jumping spider
   537 | D        | Killed a tarantella
   537 | D        | Reached skill level 16 in Fighting
   538 | D        | Killed a scorpion
   538 | D        | Killed a jumping spider
   539 | D        | Killed a jumping spider
   539 | D        | Reached ***** piety under Makhleb
   539 | D        | Reached skill level 14 in Axes
   540 | D        | Killed a scorpion
   546 | D        | Got the ring "Werup" {rN+ Str+3 Int+2 Stlth-}
   550 | D        | Entered arena 6.
   550 | D        | Noticed a deep elf priest
   550 | D        | Noticed a torpor snail
   550 | D        | Noticed a deep elf conjurer
   550 | D        | Noticed a deep elf conjurer
   550 | D        | Noticed a hornet
   550 | D        | Noticed a deep elf fighter
   555 | D        | Killed a deep elf conjurer
   555 | D        | Reached XP level 10. HP: 85/109 MP: 2/9
   555 | D        | Noticed a lindwurm
   555 | D        | a torpor snail changed into a lindwurm
   556 | D        | Killed a deep elf fighter
   556 | D        | Reached skill level 17 in Fighting
   557 | D        | a hornet changed into a jumping spider
   558 | D        | Killed a deep elf conjurer
   558 | D        | Killed a deep elf priest
   560 | D        | Killed a lindwurm
   560 | D        | Reached skill level 15 in Axes
   566 | D        | Reached ****** piety under Makhleb
   568 | D        | Entered arena 7.
   568 | D        | Noticed a guardian serpent
   568 | D        | Noticed an ancient zyme
   568 | D        | Noticed a small abomination
   568 | D        | Noticed a quasit
   571 | D        | Killed a quasit
   572 | D        | Killed a guardian serpent
   572 | D        | Reached skill level 18 in Fighting
   572 | D        | Killed a small abomination
   576 | D        | Killed an ancient zyme
   586 | D        | Entered arena 8.
   586 | D        | Noticed a hell hog
   586 | D        | Noticed an efreet
   586 | D        | Noticed a hell hound
   586 | D        | Noticed a hell hound
   586 | D        | Noticed a hell hog
   586 | D        | Noticed a hell hog
   586 | D        | Noticed a fire drake
   593 | D        | Killed a hell hog
   593 | D        | Reached skill level 4 in Evocations
   593 | D        | Killed a fire drake
   593 | D        | Reached skill level 5 in Evocations
   595 | D        | Killed a hell hog
   595 | D        | Reached skill level 7 in Evocations
   595 | D        | Reached XP level 11. HP: 113/118 MP: 7/15
   595 | D        | Killed a hell hound
   595 | D        | Killed a hell hog
   595 | D        | Reached skill level 9 in Evocations
   596 | D        | Killed an efreet
   597 | D        | Killed a hell hound
   618 | D        | Identified a +0 pair of boots of running {Speed+} (You found it in the Dungeon)
   693 | D        | Entered arena 9.
   693 | D        | Noticed a jelly
   693 | D        | Noticed an eye of devastation
   693 | D        | Noticed a slime creature
   693 | D        | Noticed a jelly
   693 | D        | Noticed a jelly
   693 | D        | Noticed a jelly
   693 | D        | Noticed a jelly
   696 | D        | Killed a jelly
   697 | D        | Killed a jelly
   698 | D        | Killed a jelly
   699 | D        | Killed a jelly
   701 | D        | Killed a jelly
   702 | D        | Killed a slime creature
   702 | D        | Reached skill level 10 in Evocations
   704 | D        | Killed an eye of devastation
   711 | D        | Entered arena 10.
   711 | D        | Noticed Wanarphon the pandemonium lord
   711 | D        | Noticed Eklusysh the pandemonium lord
   711 | D        | Noticed Nico the pandemonium lord
   711 | D        | Noticed Kipec the pandemonium lord
   711 | D        | Noticed Laisiqet the pandemonium lord
   711 | D        | Noticed Ozaupnesh the pandemonium lord
   712 | D        | --Hmmm....
   717 | D        | Mangled by Nico the pandemonium lord

Table legend:
 A = Turns spent in this place as a percentage of turns spent in the entire game.
 B = Non-inter-level travel turns spent in this place as a percentage of non-inter-level travel turns spent in the entire game.
 C = Inter-level travel turns spent in this place as a percentage of turns spent in this place.
 D = Turns resting spent in this place as a percentage of non-inter-level travel turns spent in this place.
 E = Turns spent auto-exploring this place as a percentage of non-inter-level travel turns spent in this place.
 F = Non-inter-level travel turns spent in this place divided by the number of levels of this place that you've seen.
                   A       B       C       D       E      F
               +-------+-------+-------+-------+-------+----------------------
         Total | 100.0 | 100.0 |   0.0 |   3.1 |   0.0 | 323.0
       Dungeon | 100.0 | 100.0 |   0.0 |   3.1 |   0.0 | 323.0
               +-------+-------+-------+-------+-------+----------------------

Table legend:
 A = Kills in this place as a percentage of kills in entire the game.
 B = Kills by you in this place as a percentage of kills by you in the entire game.
 C = Kills by friends in this place as a percentage of kills by friends in the entire game.
 D = Other kills in this place as a percentage of other kills in the entire game.
 E = Experience gained in this place as a percentage of experience gained in the entire game.
 F = Experience gained in this place divided by the number of levels of this place that you have seen.
                   A       B       C       D       E      F
               +-------+-------+-------+-------+-------+----------------------
         Total | 100.0 | 100.0 |  -nan | 100.0 | 100.0 | 12325.0
       Dungeon | 100.0 | 100.0 |  -nan | 100.0 | 100.0 | 12325.0
               +-------+-------+-------+-------+-------+----------------------

Vanquished Creatures
  A deep elf death mage (D)
  A thrashing horror (D)
  2 hell hogs (D)
  3 deep elf conjurers (D)
  A lindwurm (shapeshifter) (D)
  An eye of devastation (D)
  A guardian serpent (D)
  An efreet (D)
  A fire drake (D)
  A deep elf priest (D)
  An ancient zyme (D)
  2 jumping spiders (D)
  A slime creature (D)
  A redback (shapeshifter) (D)
  2 deep elf fighters (D)
  A tarantella (D)
  A neqoxec (D)
  2 wolves (D)
  2 hell hounds (D)
  A small abomination (D)
  2 scorpions (D)
  A quasit (D)
  5 jellies (D)
  An iron imp (D)
  A shadow imp (D)
  A white imp (D)
  An ufetubus (D)
  An ooze (D)
  4 ball pythons (D)
44 creatures vanquished.

Vanquished Creatures (others)
  A hell hog (D)
1 creature vanquished.

Grand Total: 45 creatures vanquished
